[ AOE2 MATCH · #513649017 ]
UnrankedEthiopians vs Koreans
Player's team · LOSS
Rival team · WIN
[ REPLAY ANALYSIS · EXTRACTED FROM THE RECORDED GAME ]
Feudal
13:16
Castle
22:36
Imperial
41:15
| APM avg | 75.9 |
| APM peak | 127 |
| eAPM avg | 33.1 |
| Villagers / military | 152 / 172 |
Focus
⚔️ 34.5% · 🌾 65.5%
Skirmisher ×91 · Shotel Warrior ×45 · Battering Ram ×9 · Monk ×8 · Mangonel ×5 · Bombard Cannon ×5
Feudal
14:20
Castle
24:14
Imperial
37:07
| APM avg | 63.1 |
| APM peak | 103 |
| eAPM avg | 35.7 |
| Villagers / military | 154 / 200 |
Focus
⚔️ 42.4% · 🌾 57.6%
Skirmisher ×90 · Scout Cavalry ×35 · Hand Cannoneer ×21 · Cavalry Archer ×11 · Archer ×10 · Bombard Cannon ×10
Match map
Initial resources + every placement click. Lines = walls · curves = elevation contours. ◆ gold · ⬟ stone · ● berries · ✦ relic · ◌ wall gap
Your base· Open — unwalled flank
Envetel's base· Open — unwalled flank
Smoothed initial terrain · ◌ = detected wall gap · hover for details
Inputs per minute
— ARC.Lighty - - Envetel
Build order — ARC.Lighty
First 150 of 520 actions detected
| 0:01 | Queue | Villager (Male) |
| 0:02 | Build | House |
| 0:02 | Build | House |
| 0:05 | Queue | Villager (Male) |
| 0:05 | Queue | Villager (Male) |
| 0:10 | Queue | Villager (Male) |
| 1:26 | Queue | Villager (Male) |
| 1:52 | Build | House |
| 1:56 | Queue | Villager (Male) |
| 2:09 | Research | Loom |
| 2:25 | Queue | Villager (Male) |
| 2:39 | Queue | Villager (Male) |
| 3:23 | Build | Palisade Wall |
| 3:33 | Queue | Villager (Male) |
| 3:35 | Build | Lumber Camp |
| 3:35 | Queue | Villager (Male) |
| 3:42 | Queue | Villager (Male) |
| 3:48 | Queue | Villager (Male) |
| 4:43 | Queue | Villager (Male) |
| 4:56 | Queue | Villager (Male) |
| 5:22 | Build | Mill |
| 6:11 | Queue | Villager (Male) |
| 6:20 | Build | House |
| 6:23 | Queue | Villager (Male) |
| 6:50 | Queue | Villager (Male) |
| 7:16 | Queue | Villager (Male) |
| 7:31 | Queue | Villager (Male) |
| 7:58 | Queue | Villager (Male) |
| 8:00 | Build | Farm |
| 8:00 | Build | Farm |
| 8:01 | Build | Farm |
| 8:20 | Build | Farm |
| 8:35 | Queue | Villager (Male) |
| 8:44 | Queue | Villager (Male) |
| 8:46 | Build | House |
| 9:00 | Queue | Villager (Male) |
| 9:46 | Queue | Villager (Male) |
| 9:50 | Build | Farm |
| 9:51 | Build | Farm |
| 9:59 | Build | Farm |
| 10:00 | Queue | Villager (Male) |
| 10:08 | Build | Farm |
| 10:35 | Build | Farm |
| 10:36 | Build | Farm |
| 10:52 | Build | Palisade Wall |
| 10:58 | Queue | Villager (Male) |
| 11:06 | Research | Feudal Age |
| 11:29 | Build | House |
| 12:13 | Build | Barracks |
| 12:52 | Queue | Villager (Male) |
| 12:55 | Build | Mining Camp |
| 12:59 | Queue | Militia |
| 12:59 | Queue | Militia |
| 13:07 | Build | House |
| 13:16 | Age | Feudal Age |
| 13:19 | Research | Man-at-Arms (upgrade) |
| 13:21 | Research | Double-Bit Axe |
| 13:22 | Research | Double-Bit Axe |
| 13:31 | Build | House |
| 13:41 | Queue | Militia |
| 13:42 | Queue | Villager (Male) |
| 13:47 | Queue | Villager (Male) |
| 13:53 | Build | Mill |
| 14:20 | Queue | Militia |
| 14:20 | Queue | Villager (Male) |
| 14:30 | Build | Archery Range |
| 14:45 | Build | Watch Tower |
| 14:51 | Queue | Villager (Male) |
| 15:04 | Research | Arson |
| 15:16 | Queue | Villager (Male) |
| 15:17 | Queue | Archer |
| 15:18 | Queue | Archer |
| 15:24 | Queue | Villager (Male) |
| 15:34 | Build | Blacksmith |
| 15:58 | Build | Palisade Wall |
| 15:59 | Build | Palisade Wall |
| 16:00 | Build | Palisade Wall |
| 16:05 | Queue | Villager (Male) |
| 16:11 | Build | Farm |
| 16:18 | Research | Fletching |
| 16:19 | Research | Fletching |
| 16:19 | Queue | Villager (Male) |
| 16:24 | Queue | Archer |
| 16:27 | Build | House |
| 16:43 | Build | Farm |
| 16:45 | Research | Horse Collar |
| 16:45 | Research | Horse Collar |
| 16:53 | Build | Farm |
| 16:54 | Build | Farm |
| 16:54 | Queue | Villager (Male) |
| 17:11 | Queue | Villager (Male) |
| 17:11 | Queue | Archer |
| 17:29 | Build | Palisade Wall |
| 17:33 | Build | Palisade Wall |
| 17:46 | Queue | Villager (Male) |
| 17:53 | Queue | Villager (Male) |
| 17:55 | Build | Farm |
| 17:57 | Build | Farm |
| 17:59 | Build | Farm |
| 18:07 | Build | House |
| 18:10 | Research | Town Watch |
| 18:10 | Research | Town Watch |
| 18:18 | Queue | Villager (Male) |
| 18:26 | Build | Farm |
| 18:42 | Queue | Villager (Male) |
| 19:08 | Queue | Villager (Male) |
| 19:30 | Build | Market |
| 19:56 | Research | Castle Age |
| 20:03 | Build | Farm |
| 20:16 | Build | Farm |
| 20:56 | Queue | Skirmisher |
| 20:56 | Queue | Skirmisher |
| 21:06 | Queue | Villager (Male) |
| 21:35 | Queue | Skirmisher |
| 21:44 | Build | House |
| 21:53 | Build | Farm |
| 21:53 | Build | Farm |
| 21:57 | Build | Lumber Camp |
| 21:59 | Queue | Skirmisher |
| 22:10 | Research | Padded Archer Armor |
| 22:11 | Research | Padded Archer Armor |
| 22:11 | Queue | Villager (Male) |
| 22:34 | Queue | Skirmisher |
| 22:36 | Age | Castle Age |
| 22:45 | Research | Bodkin Arrow |
| 22:50 | Research | Elite Skirmisher (upgrade) |
| 22:50 | Research | Elite Skirmisher (upgrade) |
| 23:01 | Research | Bow Saw |
| 23:01 | Research | Bow Saw |
| 23:08 | Build | Siege Workshop |
| 23:13 | Queue | Villager (Male) |
| 23:13 | Queue | Skirmisher |
| 23:30 | Queue | Villager (Male) |
| 23:30 | Queue | Skirmisher |
| 23:37 | Queue | Mangonel |
| 23:48 | Research | Heavy Plow |
| 23:48 | Research | Heavy Plow |
| 23:53 | Queue | Villager (Male) |
| 24:13 | Build | Mining Camp |
| 24:21 | Queue | Skirmisher |
| 24:37 | Queue | Mangonel |
| 24:37 | Queue | Villager (Male) |
| 24:53 | Queue | Villager (Male) |
| 24:53 | Queue | Skirmisher |
| 25:15 | Build | Town Center |
| 25:35 | Queue | Villager (Male) |
| 25:43 | Queue | Villager (Male) |
| 25:46 | Build | Monastery |
| 25:49 | Queue | Villager (Male) |
| 25:59 | Queue | Villager (Male) |
Build order — Envetel
First 150 of 567 actions detected
| 0:01 | Queue | Villager (Male) ×4 |
| 0:02 | Build | House |
| 0:05 | Build | House |
| 1:10 | Build | Lumber Camp |
| 1:31 | Queue | Villager (Male) |
| 1:42 | Research | Loom |
| 2:18 | Queue | Villager (Male) |
| 2:18 | Queue | Villager (Male) |
| 2:54 | Queue | Villager (Male) |
| 2:54 | Queue | Villager (Male) |
| 2:54 | Queue | Villager (Male) |
| 3:12 | Queue | Villager (Male) |
| 3:12 | Queue | Villager (Male) |
| 3:59 | Build | Palisade Wall |
| 4:00 | Build | Palisade Wall |
| 4:02 | Build | Palisade Wall |
| 4:03 | Build | Palisade Wall |
| 4:12 | Queue | Villager (Male) |
| 4:13 | Queue | Villager (Male) |
| 4:13 | Queue | Villager (Male) |
| 4:20 | Queue | Villager (Male) |
| 4:41 | Build | Mill |
| 4:51 | Build | House |
| 4:56 | Queue | Villager (Male) |
| 5:32 | Build | House |
| 5:45 | Queue | Villager (Male) |
| 6:13 | Queue | Villager (Male) |
| 6:21 | Queue | Villager (Male) |
| 6:43 | Queue | Villager (Male) |
| 6:46 | Build | Palisade Wall |
| 6:46 | Build | Palisade Wall |
| 6:56 | Build | Palisade Wall |
| 6:57 | Build | Palisade Wall |
| 7:09 | Queue | Villager (Male) |
| 7:52 | Build | Farm |
| 7:52 | Build | Farm |
| 7:53 | Queue | Villager (Male) |
| 8:20 | Build | Farm |
| 8:23 | Queue | Villager (Male) |
| 8:31 | Queue | Villager (Male) |
| 8:44 | Build | Farm |
| 8:47 | Queue | Villager (Male) |
| 9:09 | Build | House |
| 9:11 | Queue | Villager (Male) |
| 9:25 | Queue | Villager (Male) |
| 9:25 | Queue | Villager (Male) |
| 9:25 | Queue | Villager (Male) |
| 9:26 | Queue | Villager (Male) |
| 9:26 | Queue | Villager (Male) |
| 9:45 | Build | Farm |
| 10:08 | Build | Farm |
| 10:19 | Build | Farm |
| 10:27 | Build | Farm |
| 11:02 | Build | Farm |
| 11:20 | Build | House |
| 11:21 | Build | Palisade Wall |
| 11:22 | Build | House |
| 11:36 | Build | Mining Camp |
| 11:40 | Build | Mining Camp |
| 11:50 | Build | Palisade Wall |
| 11:52 | Build | Palisade Wall |
| 12:10 | Research | Feudal Age |
| 12:45 | Build | Outpost |
| 12:48 | Build | Mining Camp |
| 13:50 | Build | Barracks |
| 13:55 | Build | Palisade Wall |
| 13:57 | Build | Palisade Wall |
| 13:58 | Build | Palisade Wall |
| 14:00 | Build | Palisade Wall |
| 14:01 | Build | Palisade Wall |
| 14:02 | Build | Palisade Wall |
| 14:06 | Build | Palisade Wall |
| 14:20 | Age | Feudal Age |
| 14:20 | Queue | Villager (Male) |
| 14:31 | Build | Watch Tower |
| 14:37 | Research | Double-Bit Axe |
| 14:37 | Research | Double-Bit Axe |
| 14:40 | Queue | Villager (Male) |
| 14:50 | Queue | Villager (Male) |
| 15:17 | Build | Archery Range |
| 15:21 | Build | Gate |
| 15:35 | Queue | Villager (Male) |
| 15:44 | Queue | Villager (Male) |
| 15:59 | Build | Blacksmith |
| 16:02 | Queue | Archer |
| 16:03 | Queue | Villager (Male) |
| 16:05 | Queue | Villager (Male) |
| 16:09 | Queue | Archer |
| 16:19 | Build | Farm |
| 16:29 | Queue | Archer |
| 16:33 | Build | Farm |
| 16:34 | Research | Fletching |
| 16:41 | Queue | Archer |
| 16:50 | Build | Farm |
| 16:50 | Build | Farm |
| 16:57 | Queue | Villager (Male) |
| 17:15 | Build | Palisade Wall |
| 17:20 | Build | Gate |
| 17:23 | Build | House |
| 17:37 | Queue | Archer |
| 17:38 | Queue | Villager (Male) |
| 17:40 | Research | Town Watch |
| 17:56 | Build | Mill |
| 17:57 | Build | Farm |
| 17:57 | Build | Farm |
| 17:58 | Build | Farm |
| 18:02 | Research | Wheelbarrow |
| 18:03 | Build | House |
| 18:04 | Build | House |
| 18:07 | Queue | Skirmisher |
| 18:39 | Build | Farm |
| 18:44 | Build | Archery Range |
| 18:49 | Research | Horse Collar |
| 18:49 | Research | Horse Collar |
| 19:04 | Queue | Skirmisher |
| 19:05 | Queue | Villager (Male) |
| 19:25 | Queue | Skirmisher |
| 19:29 | Queue | Villager (Male) |
| 19:31 | Queue | Archer |
| 19:35 | Build | Farm |
| 19:56 | Queue | Archer |
| 20:01 | Build | Farm |
| 20:15 | Queue | Villager (Male) |
| 20:19 | Build | Farm |
| 20:37 | Queue | Archer |
| 20:46 | Queue | Villager (Male) |
| 20:49 | Build | Market |
| 20:52 | Queue | Archer |
| 21:34 | Research | Castle Age |
| 21:41 | Build | Lumber Camp |
| 21:51 | Queue | Skirmisher |
| 22:00 | Build | Mining Camp |
| 22:01 | Queue | Archer |
| 22:24 | Queue | Skirmisher |
| 22:24 | Queue | Skirmisher |
| 22:25 | Build | Mining Camp |
| 22:50 | Queue | Skirmisher |
| 22:56 | Build | Stable |
| 22:57 | Research | Scale Barding Armor |
| 22:57 | Research | Scale Barding Armor |
| 23:06 | Build | House |
| 23:23 | Queue | Skirmisher |
| 23:32 | Queue | Villager (Male) |
| 23:34 | Queue | Skirmisher |
| 23:48 | Research | Gold Mining |
| 23:48 | Research | Gold Mining |
| 24:14 | Age | Castle Age |
| 24:16 | Queue | Knight |
| 24:17 | Queue | Knight |
| 24:19 | Queue | Villager (Male) |
Match timeline
| 3:23 | ARC.Lighty · wall_segment Palisade Wall x1 |
| 3:59 | Envetel · wall_segment Palisade Wall x1 |
| 4:00 | Envetel · wall_segment Palisade Wall x1 |
| 4:02 | Envetel · wall_segment Palisade Wall x1 |
| 4:03 | Envetel · wall_segment Palisade Wall x1 |
| 6:46 | Envetel · wall_segment Palisade Wall x1 |
| 6:46 | Envetel · wall_segment Palisade Wall x1 |
| 6:56 | Envetel · wall_segment Palisade Wall x1 |
| 6:57 | Envetel · wall_segment Palisade Wall x1 |
| 10:52 | ARC.Lighty · wall_segment Palisade Wall x1 |
| 11:21 | Envetel · wall_segment Palisade Wall x1 |
| 11:50 | Envetel · wall_segment Palisade Wall x1 |
| 11:52 | Envetel · wall_segment Palisade Wall x1 |
| 12:13 | ARC.Lighty · first_building Barracks |
| 13:16 | ARC.Lighty · age_up feudal |
| 13:50 | Envetel · first_building Barracks |
| 13:55 | Envetel · wall_segment Palisade Wall x1 |
| 13:57 | Envetel · wall_segment Palisade Wall x1 |
| 13:58 | Envetel · wall_segment Palisade Wall x1 |
| 14:00 | Envetel · wall_segment Palisade Wall x1 |
| 14:01 | Envetel · wall_segment Palisade Wall x1 |
| 14:02 | Envetel · wall_segment Palisade Wall x1 |
| 14:06 | Envetel · wall_segment Palisade Wall x1 |
| 14:20 | Envetel · age_up feudal |
| 14:30 | ARC.Lighty · first_building Archery Range |
| 15:17 | Envetel · first_building Archery Range |
| 15:58 | ARC.Lighty · wall_segment Palisade Wall x3 |
| 15:59 | ARC.Lighty · wall_segment Palisade Wall x3 |
| 16:00 | ARC.Lighty · wall_segment Palisade Wall x2 |
| 17:15 | Envetel · wall_segment Palisade Wall x1 |
| 17:29 | ARC.Lighty · wall_segment Palisade Wall x1 |
| 17:33 | ARC.Lighty · wall_segment Palisade Wall x1 |
| 19:56 | ARC.Lighty · first_market_buy 100 food |
| 21:27 | Envetel · first_market_sell 100 wood |
| 21:28 | Envetel · first_market_buy 100 food |
| 22:36 | ARC.Lighty · age_up castle |
| 22:56 | Envetel · first_building Stable |
| 23:03 | ARC.Lighty · first_market_sell 100 food |
| 23:08 | ARC.Lighty · first_building Siege Workshop |
| 24:14 | Envetel · age_up castle |
| 25:46 | ARC.Lighty · first_building Monastery |
| 27:01 | Envetel · first_building Monastery |
| 29:36 | Envetel · first_building Siege Workshop |
| 30:25 | ARC.Lighty · first_building Castle |
| 36:18 | Envetel · first_building Castle |
| 37:07 | Envetel · age_up imperial |
| 41:15 | ARC.Lighty · age_up imperial |
| 50:56 | ARC.Lighty · resign |
[ AI ANALYSIS · 1 CREDIT ]
What really happened in this match?
Wolo.gg analyzes every decision: build order, eco, micro, common mistakes by bracket. Personalized analysis on WhatsApp or Discord in 30 seconds.
Civ guide
Ethiopians
Perfil
Jugador #738035